 Dungeon Crawl Stone Soup version 0.30.0-29-ga12c61a403 (webtiles) character file.

Game seed: 241518431498946390

351 LynnLen the Sneak (level 6, 0/28 HPs)
             Began as a Spriggan Enchanter on June 19, 2023.
             Killed from afar by an orc wizard (12 damage)
             ... with a puff of flame
             ... on level 4 of the Dungeon.
             The game lasted 00:18:49 (4280 turns).

LynnLen the Sneak (Spriggan Enchanter)              Turns: 4280, Time: 00:18:50

Health: 0/28       AC:  3    Str:  4    XL:     6   Next: 34%
Magic:  4/13       EV: 17    Int: 19    God:
Gold:   216        SH:  0    Dex: 15    Spells: 0/13 levels left

rFire   . . .        g - +1 dagger (protect)
rCold   . . .        (no shield)
rNeg    . . .        b - +0 robe
rPois   .            (helmet restricted)
rElec   .            m - +0 cloak
rCorr   .            (gloves unavailable)
SInv    +            (boots unavailable)
Will    +....        (no amulet)
Stlth   ++++         (no ring)
HPRegen 0.24/turn    (no ring)
MPRegen 0.13/turn

%: no passive effects
@: studying Long Blades, very quick
A: very small, no large weapons, unfitting armour, see invisible, speed 3
a: no special abilities


You were on level 4 of the Dungeon.
You visited 1 branch of the dungeon, and saw 4 of its levels.

You collected 216 gold pieces.

Inventory:

Hand Weapons
 g - a +1 dagger of protection (weapon)
 s - the +7 sling of Otisafey {speed, rElec rPois rF- SInv}
   (You found it on level 3 of the Dungeon)

   rF:        It makes you vulnerable to fire.
   rElec:     It insulates you from electricity.
   rPois:     It protects you from poison.
   SInv:      It lets you see invisible.
 x - a +8 club
Missiles
 d - 42 stones (quivered)
 u - 4 curare-tipped darts
 y - 8 poisoned darts
Armour
 b - a +0 robe (worn)
 m - a +0 cloak (worn)
 z - a +0 cloak
Wands
 v - a wand of charming (7)
Scrolls
 a - a scroll of blinking
 f - a scroll of immolation {unknown}
 i - a scroll of teleportation
 j - a scroll of fear {unknown}
 k - 2 scrolls of torment {unknown}
 l - a scroll of noise {unknown}
 q - a scroll of amnesia {unknown}
 t - a scroll of magic mapping {unknown}
Potions
 c - 2 potions of invisibility
 e - 2 potions of brilliance {unknown}
 h - a potion of curing
 n - 2 potions of might
 o - a potion of resistance {unknown}
 p - 2 potions of berserk rage {unknown}
 r - a potion of ambrosia {unknown}
 w - a potion of heal wounds {unknown}


   Skills:
 - Level 1.1 Short Blades
 - Level 2.6 Dodging
 + Level 7.8 Stealth
 + Level 4.4 Spellcasting
 * Level 1.0 Conjurations
 + Level 5.3 Hexes
 * Level 1.1 Earth Magic


You couldn't memorise any spells.
You knew the following spells:

 Your Spells              Type           Power      Damage    Failure   Level
a - Ensorcelled Hibernat  Hex/Ice        28%        N/A       7%          2
b - Confusing Touch       Hex            24%        N/A       4%          3
c - Tukima's Dance        Hex            24%        N/A       4%          3
d - Stone Arrow           Conj/Erth      16%        3d8       26%         3
e - Poisonous Vapours     Pois/Air       8%         N/A       21%         2

Your spell library contained the following spells:

 Spells                   Type           Power      Damage    Failure   Level
 Dazzling Flash           Conj/Hex       32%        N/A       11%         3
 Mephitic Cloud           Conj/Pois/Air  5%         N/A       34%         3
 Animate Armour           Summ/Erth      12%        N/A       71%         4
 Freezing Cloud           Conj/Ice/Air   2%         6-21      97%         5
 Lehudib's Crystal Spear  Conj/Erth      4%         10d3      100%        8


Dungeon Overview and Level Annotations

Branches:
Dungeon (4/15)
 Temple: D:4-7

Altars:

Shops:
D:2 =

Annotations:
D:4 Menkaure


Innate Abilities, Weirdness & Mutations

You are very small and have problems with some larger weapons.
You are too small for most types of armour.
You have supernaturally acute eyesight. (SInv)
You cover ground extremely quickly. (Speed+++)


Message History

a +0 short sword; a +0 ring mail
There is a stone staircase leading up here.
An orc wizard comes into view.
It is wielding a +2 dagger of electrocution.
You see here 8 gold pieces.
Casting: Tukima's Dance (dangerous; 4% risk of failure)
Confirm with . or Enter, or press ? or * to list all spells.
Aiming: Tukima's Dance (dangerous; 4% risk of failure)
Press: ? - help, Shift-Dir - straight line, f - orc wizard
Aim: an orc wizard, wielding a +2 dagger of electrocution and wearing a +0 robe (wandering, hasn't noticed you, chance to affect: 55%)
The orc wizard shouts!
The +2 dagger of electrocution dances into the air!
The orc wizard gestures at you while chanting.
The magic dart hits you.
Your +2 dagger of electrocution hits the orc wizard.
The orc wizard gestures at you while chanting.
The magic dart hits you!
Something hits the orc wizard but does no damage.
You closely miss the orc wizard.
The orc wizard is lightly wounded.
The orc wizard barely misses you.
Your +2 dagger of electrocution hits the orc wizard.
You miss the orc wizard.
The orc wizard is lightly wounded.
An orc comes into view. It is wielding a +0 falchion.
Something hits your +2 dagger of electrocution!
Your +2 dagger of electrocution falls from the air.
The orc wizard points at you and mumbles some strange words.
The magic dart hits you!
Casting: Tukima's Dance (dangerous; 4% risk of failure)
Confirm with . or Enter, or press ? or * to list all spells.
Aiming: Ensorcelled Hibernation (safe; 7% risk of failure)
Press: ? - help, Shift-Dir - straight line, f/p - orc wizard
Aim: an orc wizard, wearing a +0 robe (lightly wounded, chance to affect: 48%)
The orc wizard resists with some effort.
The orc wizard misses you.
An orc comes into view. It is wielding a +2 vampiric whip.
Unknown command.
The orc wizard points at you and mumbles some strange words.
The puff of flame hits you!
You die...

#.#. .# ..
#.#.#.######.#(##
#.#....$........#
#..:.....oo..## ..
..........#......
.###....#o#..##. .#
#.#.....<#.#..K. .#
#...#....#.#... ..#
#.#.'....@.##.# ...#
###.#.#....#.##.#####...#
##............)..........#
............##.##.....>.#
#.#........##...##.##.....
#.#.#.####.#..##.#)# ..##
#.####.###.####.).......#
.#
................#.##..#.#
..
..####.###.####.##...##.#
#


You could see an orc wizard and 2 orcs.

Vanquished Creatures
  A centaur (D:4)
  A phantom (D:4)
  Ijyb (D:4)
  5 adders
  A worm (D:3)
  2 dart slugs (D:1)
  9 orcs
  7 ball pythons
  5 endoplasms
  3 giant cockroaches
  7 goblins
  20 hobgoblins
  5 jackals
  8 kobolds
  6 quokkas
  10 bats
  3 frilled lizards
  6 rats
100 creatures vanquished.

Vanquished Creatures (collateral kills)
  An orc (D:3)
  A giant cockroach (D:4)
  A goblin (D:4)
3 creatures vanquished.

Vanquished Creatures (others)
  2 dancing weapons
2 creatures vanquished.

Grand Total: 105 creatures vanquished

Notes
Turn   | Place    | Note
-------+----------+-------------------------------------------
     0 | D:1      | LynnLen the Spriggan Enchanter began the quest for the Orb.
     0 | D:1      | Reached XP level 1. HP: 9/9 MP: 5/5
   348 | D:1      | Reached XP level 2. HP: 11/13 MP: 6/6
   360 | D:1      | Learned a level 2 spell: Ensorcelled Hibernation
   644 | D:1      | Reached skill level 5 in Stealth
   905 | D:1      | Reached XP level 3. HP: 12/16 MP: 8/8
   909 | D:1      | Learned a level 3 spell: Confusing Touch
   913 | D:1      | Learned a level 3 spell: Tukima's Dance
  1748 | D:2      | Reached skill level 6 in Stealth
  1955 | D:1      | Reached XP level 4. HP: 16/21 MP: 1/10
  2205 | D:2      | Found Jaqeang's Jewellery Shoppe.
  3108 | D:3      | Identified the +7 sling of Otisafey {speed, rElec rPois rF-
                  | SInv}
  3480 | D:3      | Reached XP level 5. HP: 24/24 MP: 7/11
  3501 | D:3      | Learned a level 3 spell: Stone Arrow
  3678 | D:4      | Noticed a centaur
  3679 | D:4      | Noticed a centaur
  3717 | D:4      | Noticed a phantom
  3733 | D:4      | Killed a phantom
  3734 | D:4      | Reached skill level 7 in Stealth
  3734 | D:4      | Reached skill level 5 in Hexes
  3762 | D:4      | Noticed a lemure
  3775 | D:4      | Noticed Ijyb
  3888 | D:4      | Killed Ijyb
  4004 | D:4      | Reached XP level 6. HP: 26/28 MP: 9/13
  4012 | D:4      | Learned a level 2 spell: Poisonous Vapours
  4104 | D:4      | Reached skill level 1 in Conjurations
  4104 | D:4      | Reached skill level 1 in Earth Magic
  4108 | D:4      | Noticed Menkaure
  4280 | D:4      | Killed from afar by an orc wizard

Illustrated notes

Levels and vault maps discovered:
D:1:      nicolae_arrival_memento_mori, layout_basic
D:2:      cheibrodos_greedy_goblins, layout_rooms, serial_shops, shop,
          minmay_misc_feat_cross, amcnicky_mini_pool_small,
          hangedman_decor_clover_reticule
D:3:      layout_rooms
D:4:      layout_basic, minmay_temple_entry_overgrown, minmay_manual_mares,
          uniq_menkaure, uniq_pikel, uniq_ijyb

Skill      XL: |  1  2  3  4  5  6 |
---------------+-------------------+-----
Hexes          | 4 5 |  5.3
Stealth        | 5 6 7 |  7.8
Spellcasting   | 3 4 |  4.4
Conjurations   | 1 |  1.0
Earth Magic    | 1 |  1.1
Short Blades   | |  1.1
Dodging        | |  2.6

Action                     |  1- 3 |  4- 6 || total
---------------------------+-------+-------++-------
  Melee: Dagger            |   183 |   152 ||   335
         Punch             |     2 |     1 ||     3
  Throw: Stone             |     6 |       ||     6
   Cast: Ensorcelled Hiber |    25 |    36 ||    61
         Confusing Touch   |     2 |     3 ||     5
         Tukima's Dance    |       |     6 ||     6
    Use: Scroll            |     3 |     1 ||     4
   Stab: Sleeping          |    22 |    28 ||    50
         Confused          |     2 |     1 ||     3
 Armour: Robe              |    28 |    21 ||    49
  Dodge: Dodged            |   147 |   119 ||   266
